 Dungeon Crawl Stone Soup version 0.22-a0-259-gdd11e71 (webtiles) character file.

2821 JeffiDaFish the Thaumaturge (level 9, -5/57 HPs)
             Began as a Tengu Air Elementalist on Mar 6, 2018.
             Was a Follower of Vehumet.
             Slain by a wyvern skeleton (13 damage)
             ... on level 8 of the Dungeon.
             The game lasted 00:26:02 (9137 turns).

JeffiDaFish the Thaumaturge (TeAE)                  Turns: 9137, Time: 00:26:04

Health: -5/57      AC:  5    Str:  9    XL:     9   Next: 73%
Magic:  1/24       EV: 14    Int: 21    God:    Vehumet [*.....]
Gold:   373        SH:  0    Dex: 16    Spells: 14/29 levels left

rFire    . . .     SeeInvis .   i - +2 trident
rCold    . . .     Gourm    .   (no shield)
rNeg     . . .     Faith    .   a - +2 robe
rPois    .         Spirit   .   (helmet restricted)
rElec    .         Reflect  .   (no cloak)
rCorr    .         Harm     .   h - +0 pair of gloves
MR       +....                  (boots unavailable)
Stlth    +++.......             (no amulet)
HPRegen  0.19/turn              g - ring of protection from magic
MPRegen  0.19/turn              (no ring)

@: no status effects
A: beak, talons 3, thin skeletal structure 1, clever 1, able to fly 1
a: Fly, Renounce Religion


You were on level 8 of the Dungeon.
You worshipped Vehumet.
Vehumet was aware of your devotion.
You were not hungry.

You visited 2 branches of the dungeon, and saw 9 of its levels.

You collected 373 gold pieces.

Inventory:

Hand Weapons
 b - a +0 spear
 i - a +2 trident (weapon)
Armour
 a - a +2 robe (worn)
 h - a +0 pair of gloves (worn)
Jewellery
 g - a ring of protection from magic (left hand)
Wands
 l - a wand of digging (13)
 p - a wand of polymorph (11)
Scrolls
 d - 4 scrolls of teleportation
 e - a scroll of fear
 f - a scroll of amnesia
 j - 2 scrolls of magic mapping
 m - 2 scrolls of identify
 q - a scroll of enchant armour
 r - 2 scrolls of remove curse
Potions
 k - 3 potions of curing
 n - a potion of lignification
 o - 2 potions of brilliance
 s - a potion of invisibility
Comestibles
 c - 12 rations


   Skills:
 - Level 7.0 Fighting
 + Level 3.9 Dodging
 - Level 2.0 Stealth
 * Level 10.5 Spellcasting
 * Level 6.5 Conjurations
 * Level 8.2 Air Magic


You had 14 spell levels left.
You knew the following spells:

 Your Spells              Type           Power        Failure   Level  Hunger
a - Shock                 Conj/Air       ####         1%          1    None
b - Swiftness             Chrm/Air       ####....     1%          2    None
c - Static Discharge      Conj/Air       #####...     1%          3    None
d - Airstrike             Air            #####.....   1%          4    ##.....
e - Lightning Bolt        Conj/Air       #####.....   9%          5    ####...


Dungeon Overview and Level Annotations

Branches:
Dungeon (8/15)             Temple (1/1) D:5
   Lair: D:8-11

Altars:
Ashenzari
Cheibriados
Dithmenos
Fedhas
Gozag
Hepliaklqana
Kikubaaqudgha
Makhleb
Nemelex Xobeh
Okawaru
Qazlal
Ru
Sif Muna
Trog
Uskayaw
Vehumet
Wu Jian
Yredelemnul
Zin
The Shining One


Innate Abilities, Weirdness & Mutations

You have a beak for a mouth.
You have claws for feet.
You can fly.
You have a somewhat thin skeletal structure. (Dex +2, Stealth)
Your mind is acute. (Int +2)


Message History

The lightning grounds out.
The wyvern skeleton bites you. The wyvern skeleton barely misses you.
A sky beast comes into view.
You see here 2 arrows.
A quokka comes into view.
The wyvern skeleton bites you.
The wyvern skeleton completely misses you.
The wyvern skeleton bites you but does no damage.
The wyvern skeleton bites you!
* * * LOW HITPOINT WARNING * * *
The wyvern skeleton misses you. The wyvern skeleton closely misses you.
Casting: Static Discharge (safe; 1% risk of failure)
Confirm with . or Enter, or press ? or * to list all spells.
The wyvern skeleton is struck by lightning.
The wyvern skeleton is severely damaged.
The lightning arcs!
You are struck by lightning.
* * * LOW HITPOINT WARNING * * *
The lightning grounds out.
The wyvern skeleton bites you!
You die...

...#...#### #.#
#.#.#....# #.#
#...#....# #.#
#####....# #.########
##....# #........#
#....s# ########.#
#.....# #.#
#.....##############.#
#.....s.Z@...........#
#.####################
#. #. #.


You could see a scorpion and a wyvern skeleton.

Vanquished Creatures
  Grinder (D:6)
  Sigmund (D:6)
  2 water moccasins
  An orc warrior (D:5)
  3 sky beasts
  2 ogres
  3 centaurs
  2 bullfrogs (D:7)
  A water moccasin skeleton (D:4)
  2 scorpions (D:4)
  3 wights
  A howler monkey (D:5)
  2 crimson imps
  A bullfrog zombie (D:5)
  A jelly (D:7)
  A bullfrog skeleton (D:8)
  3 hounds
  3 orc priests
  7 orc wizards
  An iguana (D:4)
  4 worker ants
  A worker ant zombie (D:4)
  Robin (D:3)
  10 adders
  2 shadow imps (D:5)
  4 worms
  3 dart slugs (D:2)
  5 leopard geckos
  22 orcs
  A ball python (D:5)
  4 giant cockroaches
  15 goblins
  9 hobgoblins
  7 jackals
  2 quokkas
  10 bats
  7 frilled lizards
  4 kobolds
  A quokka skeleton (D:7)
  A quokka zombie (D:8)
  10 rats
  A butterfly (D:5)
165 creatures vanquished.

Notes
Turn   | Place    | Note
-------+----------+-------------------------------------------
     0 | D:1      | JeffiDaFish the Tengu Air Elementalist began the quest for the Orb.
     0 | D:1      | Reached XP level 1. HP: 10/10 MP: 4/4
   253 | D:1      | Reached XP level 2. HP: 14/15 MP: 4/6
   271 | D:1      | Learned a level 2 spell: Swiftness
  1158 | D:1      | Reached XP level 3. HP: 12/19 MP: 1/7
  1420 | D:1      | Learned a level 3 spell: Static Discharge
  1554 | D:2      | Reached skill level 5 in Air Magic
  1640 | D:2      | Reached XP level 4. HP: 23/24 MP: 7/9
  1749 | D:2      | Found a stormy altar of Qazlal.
  1884 | D:2      | Reached skill level 3 in Spellcasting
  2655 | D:3      | Noticed Robin
  2869 | D:3      | Killed Robin
  2869 | D:3      | Gained mutation: You can fly. [Tengu growth]
  2869 | D:3      | Reached XP level 5. HP: 13/28 MP: 1/10
  3053 | D:3      | Learned a level 4 spell: Airstrike
  3154 | D:3      | Reached skill level 9 in Spellcasting
  3154 | D:3      | Reached XP level 6. HP: 42/42 MP: 11/19
  3158 | D:3      | Found a hide-covered altar of Uskayaw.
  3307 | D:3      | Noticed a moth of wrath
  3310 | D:3      | Found a bloodstained altar of Trog.
  3863 | D:3      | Found a hazy altar of Hepliaklqana.
  4067 | D:4      | Learned a level 5 spell: Lightning Bolt
  4758 | D:4      | Reached XP level 7. HP: 47/48 MP: 11/21
  5425 | D:5      | Entered Level 5 of the Dungeon
  5560 | D:5      | Reached skill level 10 in Spellcasting
  5560 | D:5      | Reached XP level 8. HP: 53/53 MP: 0/23
  5628 | D:5      | Identified the +1 ring mail of Suofugge {rF++} (You found it on level 5 of the Dungeon)
  5672 | D:5      | Gained mutation: You occasionally shout uncontrollably at your foes. [potion of mutation]
  5672 | D:5      | Gained mutation: Your magical capacity is low. (-10% MP) [potion of mutation]
  5672 | D:5      | Gained mutation: You have supernaturally acute eyesight. (SInv) [potion of mutation]
  6084 | D:5      | Reached skill level 5 in Conjurations
  6196 | D:5      | Found a staircase to the Ecumenical Temple.
  6202 | Temple   | Entered the Ecumenical Temple
  6462 | D:5      | Found a sacrificial altar of Ru.
  7007 | D:6      | Noticed Sigmund
  7011 | D:6      | Killed Sigmund
  7258 | D:6      | Found an iron altar of Okawaru.
  7346 | D:6      | Noticed Grinder
  7354 | D:6      | Killed Grinder
  7354 | D:6      | Reached XP level 9. HP: 57/57 MP: 0/21
  7409 | D:6      | Found a radiant altar of Vehumet.
  7412 | D:6      | Became a worshipper of Vehumet
  8172 | D:7      | Lost mutation: You occasionally shout uncontrollably at your foes. [potion of mutation]
  8172 | D:7      | Lost mutation: Your magical capacity is low. (-10% MP) [potion of mutation]
  8172 | D:7      | Lost mutation: You have supernaturally acute eyesight. (SInv) [potion of mutation]
  8172 | D:7      | Gained mutation: Your mind is acute. (Int +2) [potion of mutation]
  8172 | D:7      | Gained mutation: You have a somewhat thin skeletal structure. (Dex +2, Stealth) [potion of mutation]
  8223 | D:7      | Found a snail-covered altar of Cheibriados.
  9100 | D:8      | Reached * piety under Vehumet
  9100 | D:8      | Offered knowledge of Sandblast by Vehumet.
  9137 | D:8      | Slain by a wyvern skeleton

Vault maps used:
D:1:      evilmike_arrival_fibonacci_small
D:2:      lemuel_coloured_pillars_altar, minmay_randomly_rotated_circles
D:3:      nicolae_overflow_hidden_temple, tgw_trog, marbit_many_paths,
          corexii_corridor_pit, uniq_robin
D:5:      nicolae_ru_sacrificial_ziggurat, minmay_temple_entry_butterflies,
          first_ration
D:6:      okawaru_metal_pillars_1_2, lemuel_doored_altar, uniq_sigmund,
          uniq_grinder
D:7:      kennysheep_little_box
D:8:      kennysheep_mini_moat, uniq_joseph
Temple:   minmay_temple_bridge_abc

Skill      XL: |  1  2  3  4  5  6  7  8  9 |
---------------+----------------------------+-----
Conjurations   | 2 3 4 5 6 |  6.5
Air Magic      | 5 6 7 8 |  8.2
Spellcasting   | 3 9 10 | 10.5
Fighting       | 6 7 |  7.0
Dodging        | 3 |  3.9
Stealth        | |  2.0

Action                   |  1- 3 |  4- 6 |  7- 9 || total
-------------------------+-------+-------+-------++-------
Melee: Spear             |    49 |    12 |       ||    61
       Kick              |     4 |     5 |    25 ||    34
       Peck              |     2 |     3 |    15 ||    20
       Trident           |       |    57 |   111 ||   168
 Cast: Shock             |    35 |    78 |    76 ||   189
       Swiftness         |     2 |       |     1 ||     3
       Static Discharge  |     1 |    17 |    35 ||    53
       Airstrike         |       |       |    27 ||    27
       Lightning Bolt    |       |       |     8 ||     8
  Use: Scroll            |     5 |     6 |     4 ||    15
       Potion            |     1 |     6 |     5 ||    12
 Stab: Sleeping          |     3 |     1 |     1 ||     5
  Eat: Chunk             |     3 |    10 |    12 ||    25
       Ration            |       |       |     2 ||     2
Armor: Robe              |    14 |    11 |    31 ||    56
Dodge: Dodged            |    45 |    51 |    96 ||   192

Table legend:
 A = Spawn XP
 B = Non-spawn XP
 C = Spawn XP percentage of total XP
 D = Spawn monster count
 E = Non-spawn monster count
 F = Spawn count percentage of total count
 G = Total turns spent on level
                    A         B        C        D         E        F      G
               +---------+---------+-------+---------+---------+-------+---------
         Total |       0 |    3866 |   0.0 |       0 |     164 |   0.0 |  9137
               +---------+---------+-------+---------+---------+-------+---------
           D:1 |       0 |      41 |   0.0 |       0 |      22 |   0.0 |  1458
           D:2 |       0 |      93 |   0.0 |       0 |      28 |   0.0 |  1231
           D:3 |       0 |      91 |   0.0 |       0 |      22 |   0.0 |  1219
           D:4 |       0 |     544 |   0.0 |       0 |      27 |   0.0 |  1517
           D:5 |       0 |     860 |   0.0 |       0 |      24 |   0.0 |  1179
           D:6 |       0 |     845 |   0.0 |       0 |      10 |   0.0 |  1048
           D:7 |       0 |     881 |   0.0 |       0 |      18 |   0.0 |   902
           D:8 |       0 |     511 |   0.0 |       0 |      13 |   0.0 |   388
               +---------+---------+-------+---------+---------+-------+---------
